 Dungeon Crawl Stone Soup version 0.32-a0-612-g1c984fe9d1 (webtiles) character file.

Game seed: 3129580796249767542

6 croobank the Sneak (level 1, -4/12 HPs)
             Began as a Felid Delver on Mar 4, 2024.
             Slain by a ribbon worm (8 damage)
             ... on level 2 of the Dungeon.
             The game lasted 00:09:33 (317 turns).

croobank the Sneak (Felid Delver)                    Turns: 317, Time: 00:09:33

Health: -4/12      AC:  1    Str:  8    XL:     1   Next: 75%
Magic:  2/2        EV: 17    Int: 13    God:
Gold:   46         SH:  0    Dex: 17    Spells: 0/0 levels left
                                        Lives:  0   Deaths: 1

rFire   . .          .
                       - Unarmed
rCold   . . .        (shield unavailable)
rNeg    . . .        (body armour unavailable)
rPois   .            (helmet unavailable)
rElec   .            (cloak unavailable)
rCorr   .            (gloves unavailable)
SInv    +            (boots unavailable)
Will    .....        (no amulet)
Stlth   ++++         (no ring)
HPRegen 0.22/turn    (no ring)
MPRegen 0.08/turn

%: no passive effects
@: no status effects
A: very small, claws 1, fangs 3, see invisible, shaggy fur 1, stealthy paws, no
weapons or thrown items, no armour, multi-lived
a: no special abilities


You were on level 2 of the Dungeon.
You visited 1 branch of the dungeon, and saw 5 of its levels.

You collected 46 gold pieces.

Inventory:

Talismans
 d - a beast talisman
Wands
 e - a wand of digging (2)
Scrolls
 c - a scroll of acquirement {unknown}
 f - a scroll of enchant armour {unknown}
Potions
 a - 2 potions of magic {unknown}
 b - a potion of curing {unknown}


   Skills:
 + Level 3.1 Fighting
 + Level 2.9 Dodging
 + Level 6.7 Stealth
 + Level 2.1 Unarmed Combat


You couldn't memorise any spells.
You didn't know any spells.
Your spell library contained the following spells:

 Spells                   Type           Power      Damage    Failure   Level
 Call Imp                 Summ           0%         N/A       43%         2
 Sublimation of Blood     Necr           0%         N/A       43%         2
 Summon Hydra             Summ           0%         N/A       100%        7


Dungeon Overview and Level Annotations

Branches:
Dungeon (6/15)
 Temple: D:4-7

Altars:

Shops:
D:5 (


Innate Abilities, Weirdness & Mutations

You have sharp claws.
You have razor-sharp teeth.
You have supernaturally acute eyesight. (SInv)
You are covered in fur. (AC +1)
Your paws help you pounce on unaware monsters.
You are incapable of wielding weapons or throwing items.
You cannot wear armour.
You gain extra lives every three experience levels.


Message History

A bat comes into view.
An adder comes into view.
Found 15 gold pieces.
A ribbon worm comes into view.
The ribbon worm expels a string of sticky webbing.
The stream of webbing hits you but does no damage.
You are caught in a web!
There is a web here.
The web tears apart.
The ribbon worm expels a string of sticky webbing.
The stream of webbing hits you but does no damage.
You are caught in a web!
The web tears apart.
The ribbon worm closely misses you.
You scratch the ribbon worm.
The ribbon worm is lightly wounded.
The ribbon worm expels a string of sticky webbing.
The stream of webbing misses you.
You scratch the ribbon worm.
The ribbon worm is heavily wounded.
You barely miss the ribbon worm.
The ribbon worm is heavily wounded.
The ribbon worm bites you.
You scratch the ribbon worm.
The ribbon worm is heavily wounded.
The ribbon worm bites you.
You scratch the ribbon worm. You bite the ribbon worm.
The ribbon worm is almost dead.
The ribbon worm misses you.
You scratch the ribbon worm but do no damage.
You bite the ribbon worm.
The ribbon worm is almost dead.
The bat hits you.
The ribbon worm expels a string of sticky webbing.
The stream of webbing hits you but does no damage.
You are caught in a web!
You struggle to detach yourself from the web.
The bat hits you but does no damage.
The web tears apart.
The ribbon worm bites you!
Ouch! That really hurt!
You die...

#........S.....
##...............
#................
.$......$........
#..............
#..............
...
#......b.......
....
##.............
....
##.....@#.....
.#... #..####w#
.### .....####.##
#.# ..........#
#.. ##.....>##
##.. #.......##
### ##).......#
...........#
#..........#


You could see a ribbon worm (catching breath) and a bat.

Vanquished Creatures
  An endoplasm (D:3)
  A goblin (D:3)
  A hobgoblin (D:3)
  A quokka (D:3)
  A bat (D:2)
5 creatures vanquished.

Notes
Turn   | Place    | Note
-------+----------+-------------------------------------------
     0 | D:5      | croobank the Felid Delver began the quest for the Orb.
     0 | D:5      | Reached XP level 1. HP: 12/12 MP: 2/2
    25 | D:5      | Noticed an orc priest
    55 | D:5      | Noticed an orc wizard
    57 | D:5      | Noticed an orc priest
    58 | D:5      | Noticed an orc priest
    63 | D:5      | Found Copit's Antique Weapon Boutique.
    66 | D:4      | Mangled by an orc priest
    66 | D:4      | Lost a life (0 lives remaining)
   158 | D:4      | Noticed an ogre
   317 | D:2      | Slain by a ribbon worm

Illustrated notes

Levels and vault maps discovered:
D:2:      layout_rooms, dreamdust_ecumenical_altar_grove, basic_altar
D:3:      layout_loops_ring, lightli_temple_of_fire,
          hangedman_abyss_or_decor_stabs, corexii_corridor_pit, feat_on_display
D:4:      layout_cave_pods, nicolae_ru_path_of_blood, minmay_temple_entry_glass,
          amcnicky_mini_pool_small, uniq_ijyb
D:5:      layout_layer_cave, lemuel_round_altar, serial_bayou,
          serial_bayou_pond_e, serial_bayou_shore_a, serial_bayou_shore_b,
          serial_bayou_ford_a, serial_shops, shop, nicolae_shop_back_alley_shop,
          nicolae_shop_trees, nicolae_shop_window_shopping, nicolae_shop_stone,
          hangedman_decor_riveting, uniq_eustachio, uniq_duvessa
D:6:      layout_basic, mainiacjoe_overflow_alcove_1

Action                     || total
---------------------------++-------
  Melee: Unarmed           ||    18
         Bite              ||     3
  Evoke: Wand              ||     1
    Use: Scroll            ||     3
         Potion            ||     1
   Stab: Sleeping          ||     2
 Armour: Skin              ||    10
  Dodge: Dodged            ||    10

Table legend: (Time is in decaauts)
 A = Elapsed time spent in this place.
 B = Non-inter-level travel time spent in this place.
 C = Inter-level travel time spent in this place.
 D = Time resting spent in this place.
 E = Time spent auto-exploring this place.
 F = Levels seen in this place.
 G = Mean time per level.
                   A        B        C        D        E       F      G
               +--------+--------+--------+--------+--------+-----+--------+
         Total |    298 |    298 |      0 |      0 |    148 |   5 |   59.6 |
       Dungeon |    298 |    298 |      0 |      0 |    148 |   5 |   59.6 |
               +--------+--------+--------+--------+--------+-----+--------+

Top non-repeatable levels by time:
     D:4: 121 daAuts
     D:3: 77 daAuts
     D:5: 67 daAuts
     D:2: 31 daAuts
     D:6: 1 daAuts
